 Dungeon Crawl Stone Soup version 0.22-a0-282-gdd34a7d (webtiles) character file.

91 tilp the Chiller (level 4, -6/30 HPs)
             Began as a Merfolk Ice Elementalist on Mar 17, 2018.
             Mangled by Natasha (7 damage)
             ... on level 2 of the Dungeon.
             The game lasted 00:05:36 (1644 turns).

tilp the Chiller (Merfolk Ice Elementalist)         Turns: 1644, Time: 00:05:36

Health: -6/30      AC:  3    Str:  5 (8)  XL:     4   Next: 57%
Magic:  7/7        EV: 12    Int: 12 (15) God:
Gold:   109        SH:  0    Dex: 11 (14) Spells: 1/7 levels left

rFire    + . .     SeeInvis .   i - +0 hunting sling
rCold    . . .     Gourm    .   (no shield)
rNeg     . . .     Faith    .   s - +1 robe {rF+}
rPois    .         Spirit   .   (no helmet)
rElec    .         Reflect  .   (no cloak)
rCorr    .         Harm     .   (no gloves)
MR       .....                  (no boots)
Stlth    ++........             (no amulet)
HPRegen  0.10/turn              (no ring)
MPRegen  0.10/turn              (no ring)

@: lethally poisoned (-6 -> -7)
A: change form in water, swift swim, stealthy swim
a: no special abilities


You were on level 2 of the Dungeon.
You were not hungry.

You visited 1 branch of the dungeon, and saw 2 of its levels.

You collected 109 gold pieces.

Inventory:

Hand Weapons
 e - a +0 club
 i - a +0 hunting sling (weapon)
 o - a +0 hand axe
 p - a +0 dagger
Missiles
 g - 96 stones
 j - 6 sling bullets (quivered)
Armour
 s - a +1 robe of fire resistance (worn)
Jewellery
 d - an uncursed ring of protection from fire {unknown}
Scrolls
 a - a scroll of teleportation {unknown}
 b - a scroll of immolation {unknown}
 h - a scroll of remove curse {unknown}
 n - a scroll of amnesia {unknown}
 q - a scroll of blinking {unknown}
Potions
 k - 2 potions of agility
 t - a potion of might {unknown}
 u - a potion of lignification {unknown}
 v - a potion of heal wounds {unknown}
Comestibles
 c - 5 rations
 f - a chunk of flesh


   Skills:
 - Level 2.6 Dodging
 - Level 2.1 Stealth
 - Level 2.0 Spellcasting
 - Level 0.7 Conjurations
 + Level 5.7 Ice Magic


You had one spell level left.
You knew the following spells:

 Your Spells              Type           Power        Failure   Level  Hunger
a - Freeze                Ice            ###.         2%          1    ##.....
b - Throw Frost           Conj/Ice       #.....       11%         2    ###....
c - Ozocubu's Armour      Chrm/Ice       #.......     26%         3    ####...


Dungeon Overview and Level Annotations

Branches:
Dungeon (2/15)

Altars:

Annotations:
D:2 Natasha, Sigmund


Message History

Natasha stares at you and mumbles some strange words.
The magic dart hits you!
* * * LOW HITPOINT WARNING * * *
It was a potion of agility.
You feel agile all of a sudden.
Natasha stares at you and mumbles some strange words.
You resist with some effort. Natasha misses you.
It was a potion of cancellation.
Your magical effects are unravelling.
You feel magically purged.
Your magical contamination has completely faded away.
You feel yourself speed up.
You feel a little less agile now. Natasha closely misses you.
The crimson imp blinks!
It was a potion of degeneration.
There was something very wrong with that liquid.
You feel weakened.
You feel dopey.
You feel clumsy.
* * * LOW HITPOINT WARNING * * *
You feel sick. Natasha barely misses you.
It was a potion of magic.
Magic courses through your body. Natasha claws you!
You die...

######## #......#
#......# ..
#@.....#####...###
.>...5h..........+.....)
......#.........# ......
......#.........# ....##
##### ..... #....#....#
###.#. ....# ..(..
#....#....# #.#. ....#
.(.. #ยง...#....#####...
....# (...
##.................
....##
............#.#.#.#


You could see an iron imp and Natasha.

Vanquished Creatures
  Jessica (D:2)
  2 adders (D:2)
  4 dart slugs
  2 leopard geckos (D:2)
  3 giant cockroaches
  5 goblins
  4 hobgoblins
  2 bats (D:1)
  2 frilled lizards (D:1)
  3 kobolds
  10 rats
38 creatures vanquished.

Notes
Turn   | Place    | Note
-------+----------+-------------------------------------------
     0 | D:1      | tilp the Merfolk Ice Elementalist began the quest for the Orb.
     0 | D:1      | Reached XP level 1. HP: 13/13 MP: 3/3
   226 | D:1      | Reached XP level 2. HP: 16/19 MP: 1/5
   227 | D:1      | Reached skill level 4 in Ice Magic
   835 | D:1      | Reached XP level 3. HP: 24/24 MP: 6/6
   839 | D:1      | Learned a level 2 spell: Throw Frost
   843 | D:1      | Learned a level 3 spell: Ozocubu's Armour
  1181 | D:2      | Noticed Jessica
  1196 | D:2      | Killed Jessica
  1196 | D:2      | Reached skill level 5 in Ice Magic
  1196 | D:2      | Reached XP level 4. HP: 30/30 MP: 1/7
  1437 | D:2      | Noticed Sigmund
  1631 | D:2      | Noticed Natasha
  1643 | D:2      | HP: 1/30 [poisoned by an adder]
  1644 | D:2      | Mangled by Natasha

Vault maps used:
D:1:      minmay_arrival_stone_box
D:2:      hex_medium, uniq_jessica, uniq_natasha, uniq_sigmund

Skill      XL: |  1  2  3 |
---------------+----------+-----
Ice Magic      | 4 5 |  5.7
Dodging        | |  2.6
Stealth        | |  2.1
Spellcasting   | |  2.0
Conjurations   | |  0.7

Action                   |  1- 3 |  4- 6 || total
-------------------------+-------+-------++-------
 Fire: Hunting sling     |    33 |    18 ||    51
Throw: Stone             |    11 |       ||    11
 Cast: Freeze            |    25 |    11 ||    36
       Ozocubu's Armour  |     2 |       ||     2
  Use: Potion            |       |     4 ||     4
  Eat: Chunk             |     1 |     2 ||     3
Armor: Robe              |     3 |     1 ||     4
Dodge: Dodged            |     8 |    10 ||    18

Table legend:
 A = Spawn XP
 B = Non-spawn XP
 C = Spawn XP percentage of total XP
 D = Spawn monster count
 E = Non-spawn monster count
 F = Spawn count percentage of total count
 G = Total turns spent on level
                    A         B        C        D         E        F      G
               +---------+---------+-------+---------+---------+-------+---------
         Total |       0 |     130 |   0.0 |       0 |      38 |   0.0 |  1644
               +---------+---------+-------+---------+---------+-------+---------
           D:1 |       0 |      38 |   0.0 |       0 |      21 |   0.0 |  1020
           D:2 |       0 |      92 |   0.0 |       0 |      17 |   0.0 |   624
               +---------+---------+-------+---------+---------+-------+---------
